 Dungeon Crawl Stone Soup version 0.28-a0-1147-gc7b72d3202 (webtiles) character file.

Game seed: 15124115373576526737

49 ChaosChampion the Skirmisher (level 3, -6/29 HPs)
             Began as a Demonspawn Abyssal Knight on Dec 14, 2021.
             Was a Believer of Lugonu.
             Mangled by Terence (9 damage)
             ... on level 2 of the Dungeon.
             The game lasted 00:02:33 (1659 turns).

ChaosChampion the Skirmisher (DsAK)                 Turns: 1659, Time: 00:02:33

Health: -6/29      AC:  8    Str: 15    XL:     3   Next: 53%
Magic:  5/5        EV:  6    Int: 11    God:    Lugonu [**....]
Gold:   63         SH:  0    Dex: 13    Spells: 2/2 levels left

rFire   . . .      SeeInvis .   h - +1 whip (vamp)
rCold   . . .      Faith    .   (no shield)
rNeg    . . .      Spirit   .   e - +0 chain mail
rPois   .          Reflect  .   (no helmet)
rElec   .          Harm     .   (no cloak)
rCorr   .          Rampage  .   (no gloves)
Will    .....                   (no boots)
Stlth   ..........              (no amulet)
HPRegen 0.09/turn               (no ring)
MPRegen 0.09/turn               (no ring)

@: no status effects
A: spiny 1
a: Renounce Religion, Depart the Abyss, Bend Space


You were on level 2 of the Dungeon.
You worshipped Lugonu.
Lugonu was pleased with you.
You visited 1 branch of the dungeon, and saw 2 of its levels.
You visited the Abyss 1 time.

You collected 63 gold pieces.

Inventory:

Hand Weapons
 a - a +1 hand axe
 h - a +1 vampiric whip (weapon)
Armour
 e - a +0 chain mail (worn)
Scrolls
 b - 3 scrolls of identify {unknown}
 i - a scroll of blinking {unknown}
Potions
 c - a potion of curing {unknown}
 d - a potion of ambrosia {unknown}
 f - a potion of haste {unknown}
 g - 3 potions of lignification {unknown}
 j - a potion of might {unknown}
 k - a potion of mutation {unknown}


   Skills:
 + Level 3.4 Fighting
 + Level 2.3(2.4) Axes
 + Level 0.5(1.5) Maces & Flails
 + Level 2.3 Armour
 - Level 0.8 Dodging
 + Level 3.1 Invocations


You had 2 spell levels left.
You didn't know any spells.
Your spell library was empty.

Dungeon Overview and Level Annotations

Branches:
Dungeon (2/15)

Altars:

Annotations:
D:2 Terence


Innate Abilities, Weirdness & Mutations

You are partially covered in sharp spines.


Message History

The ball python is struck by your spines.
The ball python bites you.
* * * LOW HITPOINT WARNING * * *
A bat and a goblin come into view.
The goblin shouts!
You hear an angry hiss.
The bat hits you.
* * * LOW HITPOINT WARNING * * *
The bat hits you.
* * * LOW HITPOINT WARNING * * *
You hit the bat.
You feel better.
The bat is moderately wounded.
The bat is struck by your spines.
You kill the bat!
Lugonu accepts your kill.
The ball python bites you but does no damage.
You closely miss the goblin. The ball python completely misses you.
The goblin hits you but does no damage.
You closely miss the goblin.
The ball python is struck by your spines.
The ball python bites you.
* * * LOW HITPOINT WARNING * * *
A frilled lizard comes into view.
The goblin is struck by your spines. The goblin hits you but does no damage.
You hit the ball python.
The ball python is severely wounded.
The ball python closely misses you. x2; The goblin hits you but does no damage.
You hit the ball python.
You feel better.
You kill the ball python!
Lugonu accepts your kill. The goblin hits you but does no damage.
You miss the goblin.
The goblin is heavily wounded.
The goblin barely misses you. Terence is struck by your spines.
Terence hits you with a +1 short sword of electrocution.
* * * LOW HITPOINT WARNING * * *
You hit the goblin.
You feel better.
You kill the goblin!
Lugonu accepts your kill. Terence hits you but does no damage.
You are electrocuted!
You die...

#.##### #...l.#
#@###### #@#...^
######
#.##.########.....
#.................
####.########.....
#.# #..... #.#
#..... #.# #.....
#.# #.....


You could see Terence and a frilled lizard.

Vanquished Creatures
  An adder (D:2)
  A dart slug (D:1)
  3 ball pythons
  2 endoplasms (D:1)
  3 giant cockroaches
  4 goblins (D:2)
  3 hobgoblins
  4 quokkas
  5 bats
  6 frilled lizards (D:1)
  4 kobolds
  3 rats
39 creatures vanquished.

Notes
Turn   | Place    | Note
-------+----------+-------------------------------------------
     0 | Abyss:1  | ChaosChampion the Demonspawn Abyssal Knight began the quest
                  | for the Orb.
     0 | Abyss:1  | Reached XP level 1. HP: 18/18 MP: 2/2
    45 | D:1      | Escaped the Abyss
   385 | D:1      | Gained mutation: You are partially covered in sharp spines.
                  | [demonic ancestry]
   385 | D:1      | Reached XP level 2. HP: 24/24 MP: 4/4
  1314 | D:2      | Reached XP level 3. HP: 29/29 MP: 5/5
  1325 | D:2      | Reached ** piety under Lugonu
  1608 | D:2      | Noticed Terence
  1659 | D:2      | Mangled by Terence

Illustrated notes

Levels and vault maps discovered:
D:1:      enne_arrival_octagon_isle, layout_basic
D:2:      layout_basic, uniq_terence, uniq_crazy_yiuf_cottage

Skill      XL: |  1  2 |
---------------+-------+-----
Axes           | 2 |  2.3
Armour         | 2 |  2.3
Invocations    | 3 |  3.1
Fighting       | |  3.4
Maces & Flails | |  0.5
Dodging        | |  0.8

Action                   || total
-------------------------++-------
Melee: Hand axe          ||    48
       Whip              ||    51
Armor: Leather armour    ||    14
       Chain mail        ||    40
Dodge: Dodged            ||    41

Table legend: (Time is in decaauts)
 A = Elapsed time spent in this place.
 B = Non-inter-level travel time spent in this place.
 C = Inter-level travel time spent in this place.
 D = Time resting spent in this place.
 E = Time spent auto-exploring this place.
 F = Levels seen in this place.
 G = Mean time per level.
                   A        B        C        D        E       F      G
               +--------+--------+--------+--------+--------+-----+--------+
         Total |   1671 |   1660 |     11 |      0 |   1318 |   3 |  557.0 |
       Dungeon |   1626 |   1615 |     11 |      0 |   1290 |   2 |  813.0 |
         Abyss |     45 |     45 |      0 |      0 |     28 |   1 |   45.0 |
               +--------+--------+--------+--------+--------+-----+--------+

Top non-repeatable levels by time:
     D:1: 1262 daAuts
     D:2: 363 daAuts
 Abyss:1: 45 daAuts
